 Dungeon Crawl Stone Soup version 0.29-a0-323-g050149af67 (webtiles) character file.

Game seed: 7682549466522578795

456 spaghetti the Skirmisher (level 6, 0/51 HPs)
             Began as a Demonspawn Brigand on Apr 10, 2022.
             Was a Follower of Vehumet.
             Slain by an orc
             ... wielding a +0 short sword
              (5 damage)
             ... on level 4 of the Dungeon.
             The game lasted 00:04:57 (3843 turns).

spaghetti the Skirmisher (Demonspawn Brigand)       Turns: 3843, Time: 00:04:58

Health: 0/51       AC:  8    Str: 12      XL:     6   Next: 77%
Magic:  6/6        EV: 10    Int: 10      God:    Vehumet [*.....]
Gold:   105        SH:  0    Dex: 17 (18) Spells: 5/5 levels left

rFire   . . .      SeeInvis .   a - +2 dagger {short}
rCold   . . .      Faith    .   (no shield)
rNeg    . . .      Spirit   .   m - +0 scale mail
rPois   .          Reflect  .   x - +1 hat
rElec   .          Harm     .   c - +0 cloak
rCorr   .          Rampage  .   (no gloves)
Will    .....                   (no boots)
Stlth   ++........              (no amulet)
HPRegen 0.17/turn               (no ring)
MPRegen 0.10/turn               (no ring)

@: no status effects
A: thin skeletal structure 1, hooves 1, dopey 1, sense surroundings 1
a: Renounce Religion


You were on level 4 of the Dungeon.
You worshipped Vehumet.
Vehumet was aware of your devotion.
You visited 1 branch of the dungeon, and saw 4 of its levels.

You collected 105 gold pieces.


Innate Abilities, Weirdness & Mutations

You have a somewhat thin skeletal structure. (Dex +2, Stealth+)
You have large cloven feet.
You are dopey. (Int -2)
You passively map a small area around you.


   Skills:
 + Level 5.2 Fighting
 - Level 1.7 Short Blades
 - Level 1.7 Throwing
 + Level 4.4 Dodging
 - Level 3.8 Stealth


You had 5 spell levels left.
You didn't know any spells.
Your spell library was empty.

Inventory:

Hand Weapons
 a - a +2 dagger (weapon) {short}
Missiles
 d - 12 poisoned darts (quivered) {throwing}
 e - 3 curare-tipped darts {=fthrowing}
 g - 98 stones {throwing}
 u - 5 boomerangs {throwing}
Armour
 b - a +0 robe
 c - a +0 cloak (worn)
 k - a +0 chain mail
   (You found it on level 1 of the Dungeon)
 m - a +0 scale mail (worn)
   (You found it on level 1 of the Dungeon)
 r - a +0 helmet
   (You found it on level 2 of the Dungeon)
 x - a +1 hat (worn)
   (You found it on level 3 of the Dungeon)
Scrolls
 f - 5 scrolls of teleportation {@r4}
 h - a scroll of vulnerability {unknown}
 i - a scroll of amnesia {unknown}
 j - a scroll of fear {unknown}
 o - 3 scrolls of identify {@r1}
 q - a scroll of torment {unknown}
 v - a scroll of silence {unknown}
Potions
 l - a potion of attraction {!q}
 n - a potion of curing {@q1}

Dungeon Overview and Level Annotations

Branches:
Dungeon (4/15)
 Temple: D:4-7

Altars:
Trog
Vehumet
The Shining One

Annotations:
D:3 1 runed translucent door, Crazy Yiuf

,,, ##...##
...###..####### ##
..............####..,,
...................
..###............####
*
#**##......)........##
#........(........# *
* #...........oo....##
#$....<.)...@).....#,
*
#............o......,*
.....................
.##.....†............
##.................
#................. , *
##................ ,
##.!............. * *
#.......!...


You could see an orc wizard and 2 orcs.


Message History

You take 3 damage, and now have 39/51 hp.
You hit the orc wizard but do no damage.
You kick the orc wizard. The orc closely misses you. x2
The orc wizard hits you with a +0 dagger. 😮 HP[-2]
You take 2 damage, and now have 37/51 hp.
You hit the orc wizard but do no damage.
Your kick misses the orc wizard. The orc wizard casts a spell at you.
The puff of flame hits you! The orc hits you with a +0 whip.
The orc hits you with a +0 short sword.
* * * LOW HITPOINT WARNING * * *
😨 HP[-12]
You take 12 damage, and now have 25/51 hp.
MASSIVE DAMAGE!! (PAUSE)
You feel better. The orc hits you but does no damage.
The orc wizard hits you with a +0 dagger.
The orc misses you. 😮 HP[+5]
You regained 5 hp, and now have 30/51 hp.
You hit the orc wizard but do no damage.
The orc hits you with a +0 whip.
The orc wizard points at you and mumbles some strange words.
The magic dart hits you.
* * * LOW HITPOINT WARNING * * *
The orc hits you but does no damage. 😨 HP[-6]
You take 6 damage, and now have 24/51 hp.
You barely miss the orc wizard. Your kick misses the orc wizard.
The orc hits you but does no damage. The orc hits you with a +0 short sword.
* * * LOW HITPOINT WARNING * * *
The orc wizard gestures at you while chanting.
You are confused. 😨 HP[-2]
You take 2 damage, and now have 22/51 hp.
You feel better. The orc hits you but does no damage.
The orc hits you with a +0 short sword.
The orc wizard hits you but does no damage. 😮 HP[+8]
You regained 8 hp, and now have 30/51 hp.
You hit the orc wizard but do no damage.
You kick the orc wizard. The orc hits you with a +0 whip.
The orc hits you with a +0 short sword.
The orc wizard hits you but does no damage. 😮 HP[-2]
You take 2 damage, and now have 28/51 hp.
You hit the orc wizard.
You kick the orc wizard, but do no damage.
The orc hits you but does no damage. The orc barely misses you.
The orc wizard hits you but does no damage.
You hit the orc wizard. The orc completely misses you.
The orc hits you with a +0 short sword.
* * * LOW HITPOINT WARNING * * *
The orc wizard casts a spell at you. The magic dart hits you.
* * * LOW HITPOINT WARNING * * *
😨 HP[-7]
You take 7 damage, and now have 21/51 hp.
You hit the orc wizard but do no damage.
Unknown command.
You hit the orc wizard. The orc barely misses you. x2
The orc wizard barely misses you.
You barely miss the orc wizard. You kick the orc wizard.
The orc barely misses you. The orc hits you but does no damage.
The orc wizard hits you with a +0 dagger.
* * * LOW HITPOINT WARNING * * *
😨 HP[-1]
You take 1 damage, and now have 20/51 hp.
Okay, then.
You barely miss the orc wizard. The orc barely misses you.
The orc wizard hits you with a +0 dagger.
* * * LOW HITPOINT WARNING * * *
The orc barely misses you. 😨 HP[-2]
You take 2 damage, and now have 18/51 hp.
You hit the orc wizard but do no damage.
You kick the orc wizard. The orc barely misses you.
The orc wizard hits you but does no damage.
The orc hits you but does no damage.
You closely miss the orc wizard. Your kick misses the orc wizard.
The orc hits you with a +0 whip.
* * * LOW HITPOINT WARNING * * *
The orc hits you but does no damage.
The orc wizard points at you and mumbles some strange words.
The magic dart hits you!
* * * LOW HITPOINT WARNING * * *
😱 HP[-12]
You take 12 damage, and now have 6/51 hp.
MASSIVE DAMAGE!! (PAUSE)
You closely miss the orc wizard. Your kick misses the orc wizard.
The orc wizard hits you with a +0 dagger.
* * * LOW HITPOINT WARNING * * *
The orc barely misses you. The orc closely misses you. 😱 HP[-1]
You take 1 damage, and now have 5/51 hp.
As you read the scroll labelled XIYCY NEASALI, it crumbles to dust.
It is a scroll of identify.
f - 5 scrolls of teleportation The orc hits you but does no damage.
The orc hits you with a +0 short sword.
You die...

Skill      XL: |  1  2  3  4  5  6 |
---------------+-------------------+-----
Dodging        | 1 2 3 4 |  4.4
Fighting       | 3 4 5 |  5.2
Short Blades   | |  1.7
Throwing       | |  1.7
Stealth        | |  3.8

Action                   |  1- 3 |  4- 6 || total
-------------------------+-------+-------++-------
Melee: Dagger            |    82 |   122 ||   204
       Punch             |       |     2 ||     2
       Kick              |       |    18 ||    18
Throw: Dart              |     6 |     7 ||    13
  Use: Potion            |     1 |     8 ||     9
       Scroll            |       |     2 ||     2
 Stab: Sleeping          |     8 |     4 ||    12
       Distracted        |     1 |       ||     1
Armor: Robe              |     6 |       ||     6
       Chain mail        |    18 |       ||    18
       Scale mail        |     5 |    57 ||    62
Dodge: Dodged            |    32 |    71 ||   103

Levels and vault maps discovered:
D:1:      dpeg_arrival_orchard, layout_loops_ring, chequers_mini_garden,
          minmay_tetromino_o2
D:2:      layout_basic, serial_aquarium, aquarium_bridge_square
          [aquarium_subvault_wall, aquarium_subvault_window,
          aquarium_subvault_wall, aquarium_subvault_bridge],
          aquarium_bridge_square [aquarium_subvault_window,
          aquarium_subvault_bridge, aquarium_subvault_wall,
          aquarium_subvault_window], aquarium_window_1, aquarium_window_3,
          aquarium_window_1, aquarium_view_2c, aquarium_view_2e,
          aquarium_pool_2, basic_altar, wander_ebering_terrifying_dragon_lair,
          uniq_sigmund, uniq_jessica
D:3:      layout_basic, lemuel_tele_altar, ebering_ecumenical_altar_sacrificial,
          uniq_crazy_yiuf_cottage
D:4:      layout_layer_cave, jmf_multi_god_temple

Notes
Turn   | Place    | Note
-------+----------+-------------------------------------------
     0 | D:1      | spaghetti the Demonspawn Brigand began the quest for the
                  | Orb.
     0 | D:1      | Reached XP level 1. HP: 16/16 MP: 1/1
     0 | D:1      | magus.rc [v1.9.6]
    88 | D:1      | Reached skill level 1 in Dodging
   281 | D:1      | Gained mutation: You have a somewhat thin skeletal
                  | structure. (Dex +2, Stealth+) [demonic ancestry]
   281 | D:1      | Reached XP level 2. HP: 22/22 MP: 2/2
   860 | D:1      | Reached XP level 3. HP: 28/28 MP: 3/3
  1172 | D:2      | Noticed Jessica
  1179 | D:2      | Reached skill level 3 in Fighting
  1179 | D:2      | Reached skill level 2 in Dodging
  1184 | D:2      | Killed Jessica
  1185 | D:2      | Reached XP level 4. HP: 24/35 MP: 4/4
  1444 | D:2      | Noticed Sigmund
  1458 | D:2      | Killed Sigmund
  1459 | D:2      | Reached skill level 4 in Fighting
  1459 | D:2      | Reached skill level 3 in Dodging
  1459 | D:2      | Reached XP level 5. HP: 29/43 MP: 5/5
  2732 | D:3      | Found a faded altar of an unknown god.
  2770 | D:3      | Prayed at the altar of an unknown god.
  2770 | D:3      | Became a worshipper of Vehumet
  2770 | D:3      | Reached * piety under Vehumet
  2770 | D:3      | Offered knowledge of Freeze by Vehumet.
  2856 | D:3      | Found a runed translucent door.
  2857 | D:3      | Noticed Crazy Yiuf
  2908 | D:3      | Reached XP level 6. HP: 49/49 MP: 6/6
  3247 | D:3      | Found a bloodstained altar of Trog.
  3538 | D:4      | Gained mutation: You are dopey. (Int -2) [potion of
                  | mutation]
  3538 | D:4      | Gained mutation: You have large cloven feet. [potion of
                  | mutation]
  3538 | D:4      | Gained mutation: You passively map a small area around you.
                  | [potion of mutation]
  3548 | D:4      | Reached skill level 4 in Dodging
  3706 | D:4      | Noticed a sky beast
  3728 | D:4      | Killed a sky beast
  3729 | D:4      | Reached skill level 5 in Fighting
  3841 | D:4      | HP: 6/51 [orc wizard/magic dart (7)]
  3843 | D:4      | Slain by an orc

Vanquished Creatures
  Sigmund (D:2)
  A sky beast (D:4)
  A necrophage (D:4)
  An orc priest (D:4)
  Jessica (D:2)
  4 adders
  An ufetubus (D:4)
  6 dart slugs
  7 ball pythons
  4 endoplasms
  A goblin (D:1)
  4 hobgoblins
  2 kobolds (D:1)
  7 quokkas
  4 bats
  4 frilled lizards
  6 rats
55 creatures vanquished.

Table legend:
 A = Non-vault XP
 B = Vault XP
 C = Vault XP percentage of total XP
 D = Non-vault monster count
 E = Vault monster count
 F = Vault count percentage of total count
                 A         B        C        D         E       F
            +---------+---------+-------+---------+---------+-------
      Total |     396 |     256 |  39.3 |      51 |       4 |   7.3
            +---------+---------+-------+---------+---------+-------
        D:1 |      40 |       4 |   9.1 |      25 |       1 |   3.8
        D:2 |      51 |     252 |  83.2 |      13 |       3 |  18.8
        D:3 |      39 |       0 |   0.0 |       8 |       0 |   0.0
        D:4 |     266 |       0 |   0.0 |       5 |       0 |   0.0
            +---------+---------+-------+---------+---------+-------

Illustrated notes

Table legend:
 A = Kills in this place as a percentage of kills in entire the game.
 B = Kills by you in this place as a percentage of kills by you in the entire game.
 C = Kills by friends in this place as a percentage of kills by friends in the entire game.
 D = Other kills in this place as a percentage of other kills in the entire game.
 E = Experience gained in this place as a percentage of experience gained in the entire game.
 F = Experience gained in this place divided by the number of levels of this place that you have seen.
                   A       B       C       D       E      F
               +-------+-------+-------+-------+-------+----------------------
         Total | 100.0 | 100.0 |   N/A |   N/A | 100.0 | 163.0
       Dungeon | 100.0 | 100.0 |   N/A |   N/A | 100.0 | 163.0
               +-------+-------+-------+-------+-------+----------------------

Table legend: (Time is in decaauts)
 A = Elapsed time spent in this place.
 B = Non-inter-level travel time spent in this place.
 C = Inter-level travel time spent in this place.
 D = Time resting spent in this place.
 E = Time spent auto-exploring this place.
 F = Levels seen in this place.
 G = Mean time per level.
                   A        B        C        D        E       F      G
               +--------+--------+--------+--------+--------+-----+--------+
         Total |   3824 |   3637 |    187 |    428 |   2709 |   4 |  956.0 |
       Dungeon |   3824 |   3637 |    187 |    428 |   2709 |   4 |  956.0 |
               +--------+--------+--------+--------+--------+-----+--------+

Top non-repeatable levels by time:
     D:2: 1504 daAuts
     D:1: 1015 daAuts
     D:3: 977 daAuts
     D:4: 326 daAuts
